 Dungeon Crawl Stone Soup version 0.29-a0-923-g6e406bff71 (webtiles) character file.

Game seed: 16575524882931544392

19677 concernfroge the Bludgeoner (level 12, -2/97 HPs)
             Began as a Mummy Monk on July 27, 2022.
             Was an Initiate of Gozag.
             Slain by a six-headed hydra (9 damage)
             ... on level 5 of the Lair of Beasts.
             The game lasted 01:16:09 (13074 turns).

concernfroge the Bludgeoner (Mummy Monk)           Turns: 13074, Time: 01:16:09

Health: -2/97      AC: 17    Str: 21    XL:     12   Next: 38%
Magic:  12/12      EV: 10    Int: 10    God:    Gozag
Gold:   23         SH:  7    Dex: 19    Spells: 11/11 levels left

rFire   . . .      SeeInvis .   n - +0 morningstar
rCold   + + .      Faith    .   k - -1 kite shield "Katsimoiwu" {Str+3 Dex+4}
rNeg    + + +      Spirit   .   m - +3 leather armour of Ystokk {Regen+}
rPois   ∞          Reflect  .   s - +0 helmet
rElec   +          Harm     .   a - +1 cloak "Femeinto" {rElec rPois}
rCorr   +          Rampage  .   h - +2 pair of gloves
Will    ++...                   l - +0 pair of boots
Stlth   ++........              (no amulet)
HPRegen 1.06/turn               b - ring of willpower
MPRegen 0.13/turn               d - +4 ring of protection

@: mighty, about to teleport, resistant, gold aura, studying Invocations
A: cold resistance 1, negative energy resistance 3, torment resistance 2, heat
vulnerability 1, in touch with death 1, no potions
a: Renounce Religion, Potion Petition, Call Merchant, Bribe Branch


You were on level 5 of the Lair of Beasts.
You worshipped Gozag.
Gozag was noncommittal.
You visited 3 branches of the dungeon, and saw 16 of its levels.

You collected 2184 gold pieces.
You spent 233 gold pieces at shops.
You paid 1928 gold pieces to Gozag.

Inventory:

Hand Weapons
 n - a +0 morningstar (weapon)
Missiles
 p - a datura-tipped dart
 t - 4 boomerangs
 u - 6 atropa-tipped darts (quivered)
Armour
 a - the +1 cloak "Femeinto" (worn) {rElec rPois}
   (You found it on level 3 of the Dungeon)

   rElec:     It insulates you from electricity.
   rPois:     It protects you from poison.
 h - a +2 pair of gloves (worn)
 k - the -1 kite shield "Katsimoiwu" (worn) {Str+3 Dex+4}
   (You found it on level 6 of the Dungeon)

   Str:       It affects your strength (+3).
   Dex:       It affects your dexterity (+4).
 l - a +0 pair of boots (worn)
 m - the +3 leather armour of Ystokk (worn) {Regen+}
   (You found it on level 3 of the Dungeon)

   Regen:     It increases your rate of health regeneration.
 s - a +0 helmet (worn)
 v - a +0 plate armour
Jewellery
 b - a ring of willpower (left hand)
 d - a +4 ring of protection (right hand)
Wands
 q - a wand of polymorph (26)
Scrolls
 c - a scroll of silence
 e - 2 scrolls of fog
 f - a scroll of vulnerability
 g - 2 scrolls of teleportation
 j - 3 scrolls of identify
 r - a scroll of amnesia
 x - a scroll of magic mapping
 y - 3 scrolls of noise
 A - a scroll of torment


   Skills:
 - Level 10.0 Fighting
 + Level 15.3 Maces & Flails
 - Level 2.4 Polearms
 - Level 2.4 Dodging
 - Level 1.5 Stealth


You had 11 spell levels left.
You didn't know any spells.
Your spell library contained the following spells:

 Spells                   Type           Power      Damage    Failure   Level
 Apportation              Tloc           0%         N/A       85%         1
 Necrotise                Necr           0%         1d4       85%         1
 Summon Small Mammal      Summ           0%         N/A       85%         1
 Ensorcelled Hibernation  Hex/Ice        0%         N/A       94%         2
 Passwall                 Tmut/Erth      0%         N/A       94%         2
 Frozen Ramparts          Ice            0%         1d2       99%         3
 Portal Projectile        Hex/Tloc       0%         N/A       99%         3
 Swiftness                Air            0%         N/A       99%         3
 Tukima's Dance           Hex            0%         N/A       99%         3
 Summon Ice Beast         Ice/Summ       0%         N/A       100%        4
 Ice Form                 Ice/Tmut       Unusable   N/A       N/A         4
 Blade Hands              Tmut           Unusable   N/A       N/A         5

Dungeon Overview and Level Annotations

Branches:
Dungeon (11/15)            Temple (1/1) D:6            Lair (5/5) D:11
  Swamp (0/4) Lair:3        Snake (0/4) Lair:3
  Slime: Lair:4-5       Orc: D:9-12

Altars:
Ashenzari
Cheibriados
Dithmenos
Fedhas
Gozag
Hepliaklqana
Kikubaaqudgha
Makhleb
Nemelex Xobeh
Okawaru
Qazlal
Ru
Sif Muna
Trog
Uskayaw
Vehumet
Wu Jian
Xom
Yredelemnul

Shops:
D:4 *   D:5 (

Annotations:
Lair:1 Erica
Lair:2 1 transporter, Harold; Mistam's ghost, journeyman TeCj


Innate Abilities, Weirdness & Mutations

You are immune to poison.
Your flesh is cold resistant. (rC+)
You are immune to negative energy. (rN+++)
You are immune to unholy pain and torment.
You are vulnerable to heat. (rF-)
You are in touch with the powers of death.
You do not drink.


Message History

The six-headed hydra is distracted by your dazzling golden aura.
You catch the helpless six-headed hydra completely off-guard!
You sock the six-headed hydra!
The six-headed hydra is no longer distracted by gold.
The six-headed hydra is heavily wounded.
The six-headed hydra barely misses you. The six-headed hydra bites you.
You block the six-headed hydra's attack.
The six-headed hydra closely misses you.
The six-headed hydra bites you.
The six-headed hydra bites you but does no damage.
The blink frog is distracted by your dazzling golden aura.
The blink frog croaks.
You bludgeon the six-headed hydra!!
The six-headed hydra is severely wounded.
The six-headed hydra bites you but does no damage.
The six-headed hydra bites you!
* * * LOW HITPOINT WARNING * * *
The six-headed hydra bites you.
* * * LOW HITPOINT WARNING * * *
The six-headed hydra bites you but does no damage.
The six-headed hydra closely misses you.
The six-headed hydra bites you but does no damage.
Okay, then.
Okay, then.
Okay, then.
Okay, then.
You sock the six-headed hydra!
The six-headed hydra is almost dead.
The six-headed hydra is distracted by your dazzling golden aura.
The six-headed hydra roars!
You hit the six-headed hydra.
The six-headed hydra is no longer distracted by gold.
The six-headed hydra is almost dead.
The six-headed hydra bites you!
* * * LOW HITPOINT WARNING * * *
The six-headed hydra bites you.
* * * LOW HITPOINT WARNING * * *
The six-headed hydra bites you!
You die...
Your body crumbles into a pile of gold.

#...#.....#.............P.≈... #
#......#..)............≈##....
.###..#...#.........# #..P#.....
..........#.........# #........#
..#........#........# #...D....#
..P....P..#.........#####.....###
...............##.Y.##........P##
......#.......####Y.....$........
.#.....##...<#.#@#...............
#.#...........###DF##P#..........
..#........#....#Y#####..........
....###...###....#.###...........
..... #....###....###..........#.
...## ##..###.....##P.......####.
#.. ..##.................# # .#.
##..#.................# ##.
#....P.....!....P#....


You could see a six-headed hydra, an elephant and a blink frog.

Vanquished Creatures
  A boulder beetle (D:11)
  Nergalle (Lair:1)
  Amaemon (D:9)
  Pikel (Temple)
  12 elephants
  A black mamba (Lair:2)
  2 cane toads
  A gargoyle (D:10)
  An orange demon (D:9)
  A rime drake (Lair:2)
  Maggie (Lair:2)
  2 komodo dragons
  3 polar bears (Lair:1)
  Prince Ribbit (D:9)
  2 hornets
  2 trolls (D:11)
  A blink frog (Lair:5)
  A slime creature (D:10)
  A centaur simulacrum (D:10)
  A vampire (D:10)
  Eustachio (D:4)
  A shadow (D:10)
  12 yaks
  A wraith (D:9)
  3 basilisks
  A vampire mosquito (Lair:5)
  7 water moccasins
  2 orc warriors
  2 black bears
  3 ice beasts
  2 ogres
  5 wolves
  2 phantoms
  A lemure (Temple)
  4 kobold brigands
  10 bullfrogs
  2 necrophages
  A gnoll sergeant (D:6)
  6 scorpions
  5 wights (D:7)
  7 killer bees
  3 howler monkeys
  4 hounds
  5 orc priests
  Crazy Yiuf (D:6)
  4 gnoll boudas
  5 iguanas
  5 orc wizards
  27 gnolls
  9 adders
  An ufetubus (D:6)
  2 worms
  A dart slug (D:2)
  26 orcs
  3 bats
  8 endoplasms
  7 giant cockroaches
  7 hobgoblins
  11 jackals
  9 kobolds
  4 quokkas
  8 ball pythons
  5 frilled lizards
  7 goblins
  5 rats
  A spectral hobgoblin (D:10)
283 creatures vanquished.

Vanquished Creatures (collateral kills)
  A troll (D:10)
  A vampire mosquito (D:10)
  An orc warrior (D:10)
  A gnoll sergeant (D:8)
  A killer bee (D:10)
  2 orc priests
  3 orc wizards
  5 gnolls (D:8)
  10 orcs
  4 kobolds (D:9)
29 creatures vanquished.

Vanquished Creatures (others)
  A gnoll sergeant (D:10)
  A killer bee (D:10)
  An orc wizard (D:9)
  2 gnolls (D:8)
  3 orcs
  7 kobolds
  35 fungi
  118 plants
  5 toadstools (D:1)
173 creatures vanquished.

Grand Total: 485 creatures vanquished

Notes
Turn   | Place    | Note
-------+----------+-------------------------------------------
     0 | D:1      | concernfroge the Mummy Monk began the quest for the Orb.
     0 | D:1      | Reached XP level 1. HP: 18/18 MP: 1/1
   212 | D:1      | Reached XP level 2. HP: 11/24 MP: 2/2
   751 | D:1      | Gained mutation: You are in touch with the powers of death.
                  | [Mummy growth]
   751 | D:1      | Reached XP level 3. HP: 28/30 MP: 3/3
  1704 | D:2      | Identified the +8 short sword of Scorn {flame, Drain Will+
                  | rCorr Int+4}
  1788 | D:2      | Reached XP level 4. HP: 35/38 MP: 4/4
  1845 | D:2      | Reached skill level 5 in Fighting
  2566 | D:3      | Reached XP level 5. HP: 46/46 MP: 5/5
  2689 | D:3      | Identified the +3 leather armour of Ystokk {Regen+}
  2728 | D:3      | Identified the +1 cloak "Femeinto" {rElec rPois}
  2807 | D:3      | Found a broken altar of Ashenzari.
  2904 | D:3      | Found a shadowy altar of Dithmenos.
  3300 | D:4      | Reached XP level 6. HP: 51/53 MP: 6/6
  3317 | D:4      | Found Fewump's General Store.
  3325 | D:4      | Bought a wand of light (4) for 218 gold pieces
  3325 | D:4      | Bought 3 datura-tipped darts for 15 gold pieces
  3625 | D:4      | Reached XP level 7. HP: 62/62 MP: 7/7
  3666 | D:4      | Noticed Eustachio
  3683 | D:4      | Killed Eustachio
  3751 | D:4      | Found a snail-covered altar of Cheibriados.
  3751 | D:4      | Found an iron altar of Okawaru.
  3752 | D:4      | Found a radiant altar of Vehumet.
  3752 | D:4      | Found a shimmering blue altar of Sif Muna.
  4020 | D:4      | Found a burning altar of Makhleb.
  4245 | D:5      | Entered Level 5 of the Dungeon
  4276 | D:5      | Found a hide-covered altar of Uskayaw.
  4374 | D:5      | Reached XP level 8. HP: 67/72 MP: 8/8
  4386 | D:5      | Reached skill level 10 in Fighting
  4395 | D:5      | Reached skill level 1 in Maces & Flails
  4477 | D:5      | Found Soenat's Weapon Emporium.
  4506 | D:5      | Reached skill level 2 in Maces & Flails
  4790 | D:5      | Reached skill level 3 in Maces & Flails
  5108 | D:5      | Reached skill level 4 in Maces & Flails
  5555 | D:6      | Found a sacrificial altar of Ru.
  5597 | D:6      | Reached skill level 5 in Maces & Flails
  5739 | D:6      | Reached XP level 9. HP: 78/78 MP: 9/9
  5784 | D:6      | Identified the -1 kite shield "Katsimoiwu" {Str+3 Dex+4}
  5891 | D:6      | Reached skill level 6 in Maces & Flails
  5926 | D:6      | Found a staircase to the Ecumenical Temple.
  5934 | Temple   | Entered the Ecumenical Temple
  5981 | Temple   | Became a worshipper of Gozag Ym Sagoz the Greedy
  6126 | D:6      | Noticed Pikel
  6185 | Temple   | Killed Pikel
  6186 | Temple   | Reached skill level 7 in Maces & Flails
  6407 | D:6      | Found a bloodstained altar of Trog.
  6514 | D:6      | Found a runed translucent door.
  6515 | D:6      | Noticed Crazy Yiuf
  6522 | D:6      | Killed Crazy Yiuf
  6988 | D:7      | Reached skill level 8 in Maces & Flails
  7790 | D:8      | Reached skill level 9 in Maces & Flails
  8349 | D:8      | Reached XP level 10. HP: 82/85 MP: 10/10
  8600 | D:9      | Noticed an orange demon
  8611 | D:9      | Killed an orange demon
  8611 | D:9      | Noticed Amaemon
  8628 | D:9      | Killed Amaemon
  8629 | D:9      | Reached skill level 10 in Maces & Flails
  8807 | D:9      | Noticed Prince Ribbit
  8823 | D:9      | Killed Prince Ribbit
  9271 | D:9      | Found an ornate altar of the Wu Jian Council.
  9371 | D:10     | Entered Level 10 of the Dungeon
  9400 | D:10     | Reached skill level 11 in Maces & Flails
  9805 | D:10     | Noticed a gargoyle
  9873 | D:10     | Killed a gargoyle
  9986 | D:10     | Identified the +1 leather armour of Integrity {rPois Dex+2}
 10120 | D:10     | Found a hazy altar of Hepliaklqana.
 10234 | D:10     | Reached XP level 11. HP: 73/90 MP: 11/11
 10248 | D:10     | Reached skill level 12 in Maces & Flails
 10576 | D:11     | Noticed a boulder beetle
 10615 | D:11     | Noticed a boulder beetle
 10637 | D:11     | Killed a boulder beetle
 10789 | D:11     | Noticed a boulder beetle
 10961 | D:11     | Found a staircase to the Lair.
 10998 | Lair:1   | Entered Level 1 of the Lair of Beasts
 11021 | Lair:1   | Reached skill level 13 in Maces & Flails
 11147 | Lair:1   | Noticed Nergalle
 11174 | Lair:1   | Killed Nergalle
 11859 | Lair:1   | Noticed Erica
 12149 | Lair:2   | Found a transporter.
 12243 | Lair:2   | Noticed Mistam's ghost (journeyman TeCj)
 12313 | Lair:2   | Noticed Maggie
 12324 | Lair:2   | Killed Maggie
 12325 | Lair:2   | Reached skill level 14 in Maces & Flails
 12407 | Lair:2   | Noticed Harold
 12611 | Lair:3   | Noticed a catoblepas
 12738 | Lair:3   | You fall into a shaft and drop 2 floors!
 12738 | Lair:5   | Entered Level 5 of the Lair of Beasts
 12750 | Lair:5   | Reached XP level 12. HP: 95/97 MP: 12/12
 12974 | Lair:5   | Reached skill level 15 in Maces & Flails
 13006 | Lair:5   | Noticed a six-headed hydra
 13074 | Lair:5   | Slain by a six-headed hydra

Illustrated notes

Levels and vault maps discovered:
D:1:      dpeg_arrival_snail, layout_basic, minmay_gold_behind_fungi,
          serial_bayou_lagoon_a, chequers_serial_rivers_micro_d
D:2:      layout_basic, kennysheep_potato
D:3:      layout_basic, mainiacjoe_overflow_alcove_1,
          lemuel_coloured_pillars_altar
D:4:      layout_cave_pools, chequers_temple_overflow_statue_of_worship,
          marbit_many_paths, serial_co_window_serial, co_window_corner_a,
          co_window_of_opportunity_a, co_window_cross_1, co_window_paths_b,
          co_window_of_opportunity_a, co_window_broadway_c, co_window_2corner,
          co_window_2corner, co_window_broadway_b, co_window_2corner,
          co_window_paths_e, glass_columns_a, serial_shops, shop, uniq_eustachio
D:5:      layout_cave_pods, lemuel_doored_altar, nicolae_stop_n_shop_2,
          st_stairs_4, minmay_pentangle
D:6:      layout_loops_ring, kennysheep_little_box,
          mainiacjoe_overflow_concentric_impassable,
          minmay_temple_entry_stoned_glass, nicolae_zen_rock_garden, uniq_pikel,
          uniq_crazy_yiuf_cottage
D:7:      layout_loops_ring, nrook_loot_triangle
D:8:      layout_layer_cave, amethyst_overflow_temple_binary
D:9:      layout_basic, nzn_wu_jian_council_hall, uniq_amaemon,
          uniq_prince_ribbit1
D:10:     layout_loops_ring, nicolae_hepliaklqana_monster_ancestors, minmay_bent
D:11:     layout_basic, grunt_lair_entry_orc_guard_hut, uniq_maurice
Temple:   hellmonk_temple_flake
Lair:1:   layout_concentric_octagons, cheibrodos_lair_lostbears, uniq_erica,
          uniq_nergalle
Lair:2:   layout_regular_city, gammafunk_ghost_berserking_beasts,
          grunt_megastairs_4, uniq_maggie, uniq_sonja, uniq_harold
Lair:3:   layout_long_grid, swamp_mist, minmay_snake_entry_guardpost_large,
          lemuel_fruit_tree, uniq_nessos
Lair:5:   minmay_lair_end_frog_pond, layout_layer_cave, minmay_slime_entry_eyes,
          serial_bayou_shore_b

Skill      XL: |  1  2  3  4  5  6  7  8  9 10 11 12 |
---------------+-------------------------------------+-----
Fighting       | 4 5 6 8 9 10 | 10.0
Maces & Flails | 5 9 11 14 15 | 15.3
Polearms       | |  2.4
Dodging        | |  2.4
Stealth        | |  1.5

Action                   |  1- 3 |  4- 6 |  7- 9 | 10-12 || total
-------------------------+-------+-------+-------+-------++-------
Melee: Spear             |   124 |       |       |       ||   124
       Punch             |     1 |     1 |       |       ||     2
       Short sword       |    10 |   130 |    68 |       ||   208
       Morningstar       |       |       |   301 |   617 ||   918
 Fire: Sling             |     1 |       |       |       ||     1
Throw: Dart              |       |       |    20 |    85 ||   105
       Throwing net      |       |       |     1 |     2 ||     3
       Boomerang         |       |       |       |     2 ||     2
Invok: Potion Petition   |       |       |       |     5 ||     5
Evoke: Wand              |       |       |     8 |    13 ||    21
  Use: Scroll            |       |     9 |     6 |    18 ||    33
 Stab: Sleeping          |     1 |     1 |     1 |     2 ||     5
       Invisible         |       |       |     2 |     2 ||     4
       Distracted        |       |       |     1 |     7 ||     8
Armor: Ring mail         |    34 |    13 |       |       ||    47
       Leather armour    |       |    36 |   178 |   344 ||   558
Dodge: Dodged            |    67 |    55 |   267 |   266 ||   655
Block: Kite shield       |       |       |   110 |   203 ||   313

Table legend: (Time is in decaauts)
 A = Elapsed time spent in this place.
 B = Non-inter-level travel time spent in this place.
 C = Inter-level travel time spent in this place.
 D = Time resting spent in this place.
 E = Time spent auto-exploring this place.
 F = Levels seen in this place.
 G = Mean time per level.
                   A        B        C        D        E       F      G
               +--------+--------+--------+--------+--------+-----+--------+
         Total |  13236 |  12325 |    911 |    353 |   8836 |  16 |  827.2 |
       Dungeon |  10888 |  10136 |    752 |    238 |   7551 |  11 |  989.8 |
        Temple |    272 |    249 |     23 |      0 |    175 |   1 |  272.0 |
          Lair |   2075 |   1939 |    136 |    115 |   1110 |   4 |  518.8 |
               +--------+--------+--------+--------+--------+-----+--------+

Top non-repeatable levels by time:
     D:2: 1454 daAuts
     D:5: 1233 daAuts
    D:10: 1152 daAuts
     D:6: 1103 daAuts
     D:4: 1097 daAuts
     D:1: 1017 daAuts
  Lair:1: 905 daAuts
     D:7: 868 daAuts
     D:8: 865 daAuts
     D:9: 813 daAuts
     D:3: 794 daAuts
  Lair:2: 516 daAuts
    D:11: 488 daAuts
  Lair:5: 329 daAuts
  Lair:3: 324 daAuts
